 Dungeon Crawl Stone Soup version 0.32-a0-306-gfed3edf829 (webtiles) character file.

Game seed: 10157489457673422456

74 pokeman the Magician (level 4, 0/25 HPs)
             Began as a Deep Elf Hedge Wizard on Feb 14, 2024.
             Slain by a jackal (3 damage)
             ... on level 2 of the Dungeon.
             The game lasted 00:03:15 (1387 turns).

pokeman the Magician (Deep Elf Hedge Wizard)        Turns: 1387, Time: 00:03:16

Health: 0/25       AC:  4    Str:  7    XL:     4   Next: 9%
Magic:  1/13       EV: 12    Int: 21    God:
Gold:   106        SH:  0    Dex: 14    Spells: 6/14 levels left

rFire   . . .        l - +1 short sword (freeze)
rCold   . . .        (no shield)
rNeg    . . .        b - +0 robe
rPois   .            m - +0 helmet
rElec   .            (no cloak)
rCorr   .            f - +0 pair of gloves
SInv    .            (no boots)
Will    .....        (no amulet)
Stlth   ++           (no ring)
HPRegen 0.24/turn    (no ring)
MPRegen 0.13/turn

%: no passive effects
@: very slightly contaminated
A: no striking features
a: no special abilities


You were on level 2 of the Dungeon.
You visited 1 branch of the dungeon, and saw 2 of its levels.

You collected 106 gold pieces.

Inventory:

Hand Weapons
 l - a +1 short sword of freezing (weapon)
Armour
 b - a +0 robe (worn)
 f - a +0 pair of gloves (worn)
 m - a +0 helmet (worn)
Jewellery
 j - a ring of ice
Scrolls
 a - a scroll of immolation {unknown}
 e - 3 scrolls of identify {unknown}
 h - a scroll of teleportation {unknown}
 i - a scroll of amnesia {unknown}
Potions
 d - a potion of magic
 g - a potion of attraction {unknown}
 k - a potion of might {unknown}


   Skills:
 - Level 1.0 Fighting
 - Level 1.0 Armour
 + Level 2.6 Dodging
 + Level 2.6 Stealth
 * Level 5.5 Spellcasting
 + Level 2.1 Conjurations
 - Level 1.1 Summonings
 - Level 1.1 Translocations


You had 6 spell levels left.
You knew the following spells:

 Your Spells              Type           Power      Damage    Failure   Level
a - Magic Dart            Conj           56%        1d5       4%          1
b - Mephitic Cloud        Conj/Alch/Air  8%         N/A       22%         3
c - Call Imp              Summ           20%        N/A       10%         2
d - Blink                 Tloc           20%        N/A       10%         2

Your spell library contained the following spells:

 Spells                   Type           Power      Damage    Failure   Level
 Slow                     Hex            20%        N/A       11%         1
 Cigotuvi's Dreadful Rot  Necr/Alch/Air  10%        N/A       16%         2
 Ensorcelled Hibernation  Hex/Ice        10%        N/A       16%         2
 Passwall                 Erth           5%         N/A       30%         3
 Swiftness                Air            5%         N/A       30%         3


Dungeon Overview and Level Annotations

Branches:
Dungeon (2/15)

Altars:

Annotations:
D:2 Sigmund


Message History

Press: ? - help, Shift-Dir - straight line, f/p - Sigmund
Aim: Sigmund, wielding a +0 scythe and wearing a +0 robe (almost dead, chance to affect: 86%)
You miscast Mephitic Cloud.
Nothing appears to happen.
The jackal barely misses you. The jackal attacks as it pursues you!
The jackal misses you.
Sigmund gestures wildly while chanting.
Sigmund flickers and vanishes!
Deactivating autopickup; reactivate with Ctrl-A.
The jackal attacks as it pursues you! The jackal bites you.
* * * LOW HITPOINT WARNING * * *
The jackal closely misses you. The jackal attacks as it pursues you!
The jackal bites you but does no damage.
The jackal bites you but does no damage.
The jackal attacks as it pursues you! The jackal barely misses you. x2
Casting: Mephitic Cloud (extremely dangerous; 22% risk of failure)
Confirm with . or Enter, or press ? or * to list all spells.
A tiny devil pulls itself out of the air.
The jackal bites you but does no damage. x2
Your cerulean imp hits the jackal but does no damage.
The jackal attacks as it pursues you! The jackal completely misses you.
Your cerulean imp completely misses the jackal.
The jackal attacks as it pursues you! The jackal barely misses you.
The jackal bites you.
* * * LOW HITPOINT WARNING * * *
The hobgoblin closely misses your cerulean imp.
Your cerulean imp closely misses something.
The jackal attacks as it pursues you! The jackal closely misses you.
The hobgoblin throws a stone.
The stone hits your cerulean imp but does no damage.
Something hits you.
* * * LOW HITPOINT WARNING * * *
The jackal bites you but does no damage.
Your cerulean imp hits something with a -3 spear.
Something barely misses your cerulean imp.
The jackal bites you but does no damage.
The jackal attacks as it pursues you! The jackal closely misses you.
Something barely misses your cerulean imp.
The jackal attacks as it pursues you! The jackal bites you.
You die...

.# #.# #.# #^# .# #.# #####.##
#.# .# ####.#######......# #.#
.######............###..# #.#
.........#)######### #..# ####.##
..#####..#.#### #..# #......
..............# #####..###.##.#.
..##.##....##.####...............
...........##.#.@h...5.g....##...
#.##.##.......).##.#####....####.
#.##.##.<.###.####.##.........##.
#.##.##.................>.....##.
#.##..(.#.###.####.##.........##g
#........#....####.#####...#####)
#####†###.####.............# ##.
# #.##..# #.###.#####...# #..
#####.##..####.# #.# ##### #.$


You could see a jackal (ally target), a hobgoblin and a friendly cerulean imp
(summoned).

Vanquished Creatures
  A ribbon worm (D:2)
  3 bats
  3 endoplasms
  2 giant cockroaches
  3 goblins
  2 hobgoblins (D:1)
  A jackal (D:2)
  4 quokkas
  7 ball pythons
  3 frilled lizards (D:1)
  5 kobolds
  5 rats
39 creatures vanquished.

Notes
Turn   | Place    | Note
-------+----------+-------------------------------------------
     0 | D:1      | pokeman the Deep Elf Hedge Wizard began the quest for the
                  | Orb.
     0 | D:1      | Reached XP level 1. HP: 10/10 MP: 7/7
   204 | D:1      | Reached XP level 2. HP: 16/16 MP: 3/9
   534 | D:1      | Reached skill level 5 in Spellcasting
   602 | D:1      | Reached XP level 3. HP: 20/20 MP: 7/11
   606 | D:1      | Learned a level 3 spell: Mephitic Cloud
   609 | D:1      | Learned a level 2 spell: Call Imp
   612 | D:1      | Learned a level 2 spell: Blink
  1046 | D:2      | Reached skill level 1 in Fighting
  1046 | D:2      | Reached skill level 1 in Armour
  1323 | D:2      | Noticed Sigmund
  1360 | D:2      | Reached XP level 4. HP: 19/25 MP: 8/13
  1387 | D:2      | Slain by a jackal

Illustrated notes

Levels and vault maps discovered:
D:1:      matt_arrival_los_fun, layout_rooms
D:2:      layout_loops_ring, basic_ecumenical_altar, minmay_split_cup_large,
          uniq_sigmund

Skill      XL: |  1  2  3 |
---------------+----------+-----
Spellcasting   | 5 |  5.5
Fighting       | 1 |  1.0
Armour         | 1 |  1.0
Conjurations   | 2 |  2.1
Dodging        | |  2.6
Stealth        | |  2.6
Summonings     | |  1.1
Translocations | |  1.1

Action                     |  1- 3 |  4- 6 || total
---------------------------+-------+-------++-------
  Melee: Short sword       |    22 |     5 ||    27
   Cast: Magic Dart        |    61 |       ||    61
         Mephitic Cloud    |     2 |       ||     2
         Call Imp          |       |     1 ||     1
   Stab: Confused          |     2 |       ||     2
         Sleeping          |     1 |       ||     1
 Armour: Robe              |     9 |    16 ||    25
  Dodge: Dodged            |    24 |    14 ||    38

Table legend: (Time is in decaauts)
 A = Elapsed time spent in this place.
 B = Non-inter-level travel time spent in this place.
 C = Inter-level travel time spent in this place.
 D = Time resting spent in this place.
 E = Time spent auto-exploring this place.
 F = Levels seen in this place.
 G = Mean time per level.
                   A        B        C        D        E       F      G
               +--------+--------+--------+--------+--------+-----+--------+
         Total |   1386 |   1383 |      3 |      4 |   1124 |   2 |  693.0 |
       Dungeon |   1386 |   1383 |      3 |      4 |   1124 |   2 |  693.0 |
               +--------+--------+--------+--------+--------+-----+--------+

Top non-repeatable levels by time:
     D:1: 904 daAuts
     D:2: 482 daAuts
